 Dungeon Crawl Stone Soup version 0.19.4-10-g532645f (webtiles) character file.

88 SQman the Grave Robber (level 4, 0/30 HPs)
             Began as a Vampire Necromancer on Feb 25, 2017.
             Killed from afar by letownia's ghost (9 damage)
             ... with a magic dart
             ... on level 3 of the Dungeon.
             The game lasted 00:11:30 (2014 turns).

SQman the Grave Robber (Vampire Necromancer)        Turns: 2014, Time: 00:11:30

Health: 0/30       AC:  3    Str:  6 (7)  XL:     4   Next: 30%
Magic:  1/8        EV: 13    Int: 16 (18) God:
Gold:   59         SH:  0    Dex: 14      Spells: 3 memorised, 3 levels left

rFire  + . .     SeeInvis +     f - +3 short sword (flame)
rCold  . . .     Gourm    .     e - +1 robe
rNeg   + . .     Faith    .     (no shield)
rPois  .         Spirit   .     (no helmet)
rElec  .         Reflect  .     (no cloak)
rCorr  .         Harm     .     (no gloves)
MR     .....                    (no boots)
Stlth  ++........               i - amulet of regeneration
                                (no ring)
                                (no ring)

@: no status effects
A: fangs 3, see invisible, fire resistance 1, unbreathing
a: Bat Form


You were on level 3 of the Dungeon.
You were not thirsty.

You visited 1 branch of the dungeon, and saw 3 of its levels.

You collected 59 gold pieces.

Inventory:

Hand Weapons
 d - a +0 mace
 f - a +3 short sword of flaming (weapon)
Armour
 a - a +0 robe
 e - a +1 robe (worn)
Jewellery
 i - an amulet of regeneration (around neck)
Scrolls
 g - 2 scrolls of identify
 h - a scroll of fog
Potions
 c - 5 potions of blood
Books
 b - a book of Necromancy

   Spells                             Type                      Level
   a - Pain                           Necromancy                   1
   b - Animate Skeleton               Necromancy                   1
   c - Vampiric Draining              Necromancy                   3
   d - Regeneration                   Charms/Necromancy            3
   e - Animate Dead                   Necromancy                   4
   f - Control Undead                 Necromancy                   4


   Skills:
 + Level 0.1 Fighting
 + Level 0.4 Short Blades
 + Level 0.1 Maces & Flails
 + Level 2.5 Dodging
 + Level 3.3 Stealth
 + Level 2.8 Spellcasting
 + Level 5.4 Necromancy


You had 3 spell levels left.
You knew the following spells:

 Your Spells              Type           Power        Failure   Level  Hunger
a - Pain                  Necr           ###.         1%          1    #......
b - Animate Skeleton      Necr           N/A          1%          1    #......
c - Vampiric Draining     Necr           ###.......   8%          3    ###....


Dungeon Overview and Level Annotations

Branches:
Dungeon (3/15)

Altars:

Annotations:
D:3 letownia's ghost, amateur OpWz


Innate Abilities, Weirdness & Mutations

You have razor-sharp teeth.
You have supernaturally acute eyesight. (SInv)
You can survive without breathing.
Your flesh is heat resistant. (rF+)


Message History

Aiming: Pain
Press: ? - help, Shift-Dir - straight line, f/p - leopard gecko
Aim: a leopard gecko (severely wounded, clinging, chance to defeat MR: 89%)
The leopard gecko writhes in agony!
You kill the leopard gecko!
Letownia's ghost hits you but does no damage.
You barely miss letownia's ghost. Letownia's ghost casts a spell at you.
The magic dart hits you!
You hit letownia's ghost. You burn letownia's ghost.
Letownia's ghost is lightly damaged.
Letownia's ghost hits you.
* * * LOW HITPOINT WARNING * * *
Letownia's ghost barely misses you.
You closely miss letownia's ghost. Your bite misses letownia's ghost.
Letownia's ghost is lightly damaged.
Letownia's ghost whispers, "It is all a dream - a grotesque and foolish dream."
Letownia's ghost casts a spell at you. The magic dart hits you!
You die...

##.....##
#.......# ...
#.......# ...
#...<...#....
#...........
##†....#.....
#.....>†.#
#...<....##..
#....@.......
##...W...##..
##.....##
####.## .# .#
.. ..


You could see letownia's ghost.

Vanquished Creatures
  A gnoll (D:1)
  2 adders (D:2)
  2 dart slugs
  2 leopard geckos
  A ball python (D:1)
  3 giant cockroaches
  9 goblins
  6 hobgoblins
  3 jackals (D:2)
  2 kobolds (D:2)
  A quokka (D:2)
  7 bats
  8 frilled lizards
  5 rats
52 creatures vanquished.

Vanquished Creatures (collateral kills)
  A frilled lizard (D:2)
  A kobold (D:1)
2 creatures vanquished.

Grand Total: 54 creatures vanquished

Notes
Turn   | Place    | Note
-------+----------+-------------------------------------------
     0 | D:1      | SQman the Vampire Necromancer began the quest for the Orb.
     0 | D:1      | Reached XP level 1. HP: 13/13 MP: 3/3
    13 | D:1      | Learned a level 1 spell: Animate Skeleton
   297 | D:1      | Reached XP level 2. HP: 8/19 MP: 0/5
   872 | D:1      | Reached skill level 5 in Necromancy
   947 | D:1      | Reached XP level 3. HP: 12/24 MP: 4/6
  1066 | D:1      | Learned a level 3 spell: Vampiric Draining
  1683 | D:2      | Gained mutation: Your flesh is heat resistant. (rF+) [potion of mutation]
  1683 | D:2      | Gained mutation: You occasionally shout uncontrollably at your foes. [potion of mutation]
  1683 | D:2      | Lost mutation: You occasionally shout uncontrollably at your foes. [potion of mutation]
  1790 | D:2      | Reached XP level 4. HP: 26/30 MP: 6/8
  2006 | D:3      | Noticed letownia's ghost (amateur OpWz)
  2014 | D:3      | Killed from afar by letownia's ghost

Skill      XL: |  1  2 |
---------------+-------+-----
Necromancy     | 5 |  5.4
Fighting       | |  0.1
Short Blades   | |  0.4
Maces & Flails | |  0.1
Dodging        | |  2.5
Stealth        | |  3.3
Spellcasting   | |  2.8

Action                   |  1- 3 |  4- 6 || total
-------------------------+-------+-------++-------
Melee: Mace              |     9 |       ||     9
       Bite              |     5 |     1 ||     6
       Short sword       |    41 |    15 ||    56
 Cast: Pain              |    51 |    12 ||    63
       Animate Skeleton  |    12 |     1 ||    13
  Use: Potion            |     8 |       ||     8
       Scroll            |     7 |     2 ||     9
Armor: Robe              |    13 |     6 ||    19
Dodge: Dodged            |    32 |    25 ||    57
